 Dungeon Crawl Stone Soup version 0.19-a0-687-g35db334 (webtiles) character file.

143 Geppetto the Bolt Thrower (level 5, -2/46 HPs)
             Began as a Minotaur Hunter on June 18, 2016.
             Slain by an orc warrior
             ... wielding a +0 broad axe
              (14 damage)
             ... on level 6 of the Dungeon.
             The game lasted 00:05:20 (2033 turns).

Geppetto the Bolt Thrower (Minotaur Hunter)         Turns: 2033, Time: 00:05:22

Health: -2/46      AC:  8    Str: 21    XL:     5   Next: 4%
Magic:  4/4        EV:  8    Int:  8    God:
Gold:   200        SH:  0    Dex: 17    Spells: 0 memorised, 4 levels left

rFire  . . .     SeeInvis .     b - +0 short sword
rCold  . . .     Gourm    .     k - +0 chain mail
rNeg   . . .     Faith    .     (no shield)
rPois  .         Spirit   .     (helmet restricted)
rElec  .         Dismiss  .     (no cloak)
rCorr  .         Reflect  .     (no gloves)
SustAt .         Harm     .     (no boots)
MR     .....                    (no amulet)
Stlth  ..........               (no ring)
                                j - +5 ring of dexterity

@: mighty, not resistant to hostile enchantments, extremely unstealthy
A: retaliatory headbutt, horns 2
a: no special abilities


You were on level 6 of the Dungeon.
You were not hungry.

You visited 1 branch of the dungeon, and saw 4 of its levels.

You collected 200 gold pieces.

Inventory:

Hand Weapons
 a - a +1 hand crossbow
 b - a +0 short sword (weapon)
 l - a cursed -1 mace
Missiles
 d - 48 bolts
Armour
 c - a +1 leather armour
 k - a +0 chain mail (worn)
Jewellery
 j - a +5 ring of dexterity (left hand)
Potions
 e - a potion of might
 h - a potion of curing {unknown}
 m - a potion of flight
 o - a potion of heal wounds {unknown}
 p - a potion of mutation {unknown}
Comestibles
 f - 3 bread rations
 g - 2 meat rations
 n - a chunk of flesh


   Skills:
 + Level 4.2 Fighting
 * Level 6.2 Crossbows
 - Level 2.1 Dodging
 - Level 0.7 Stealth


You had 4 spell levels left.
You didn't know any spells.

Dungeon Overview and Level Annotations

Branches:
Dungeon (3/15)

Altars:
Ashenzari
Gozag
Kikubaaqudgha


Innate Abilities, Weirdness & Mutations

You reflexively headbutt those who attack you in melee.
You have a pair of horns on your head.


Message History

The giant frog zombie completely misses you.
Your chain mail prevents you from hitting the giant frog zombie.
The giant frog zombie barely misses you.
You closely miss the giant frog zombie. The giant frog zombie hits you.
The orc warrior hits you but does no damage.
The giant frog zombie hits you.
The orc priest calls down the wrath of Beogh upon you.
Beogh smites you!
* * * LOW HITPOINT WARNING * * *
You feel less invigorated.
You feel less confused.
The orc warrior hits you but does no damage.
The orc priest completely misses you.
You barely miss the orc priest.
The orc priest is heavily wounded.
The giant frog zombie hits you but does no damage.
The orc priest hits you with a short sword.
* * * LOW HITPOINT WARNING * * *
The orc warrior hits you with a broad axe!
You die...

######### .
####.......###.( .
###......$.......) ..
#.......(⌠$....(.. ...
#.........(.....###....
##..###.......####......
#.....#########.........
#.............ooZ......#
#⌠...........†.@.....###
#####...........######
#############


You could see an orc warrior, an orc priest and a giant frog zombie.

Vanquished Creatures
  A hound (D:6)
  An orc priest (D:3)
  A worker ant (D:6)
  2 adders
  An ooze (D:2)
  2 dart slugs
  5 orcs
  2 bats
  5 goblins
  5 hobgoblins
  4 kobolds
  A giant newt (D:2)
30 creatures vanquished.

Notes
Turn   | Place    | Note
--------------------------------------------------------------
     0 | D:1      | Geppetto the Minotaur Hunter began the quest for the Orb.
     0 | D:1      | Reached XP level 1. HP: 18/18 MP: 0/0
    40 | D:1      | Found a shattered altar of Ashenzari.
    96 | D:1      | Reached XP level 2. HP: 16/25 MP: 1/1
   683 | D:2      | Found a faded altar of an unknown god.
   842 | D:2      | Reached skill level 5 in Crossbows
  1190 | D:2      | Found an opulent altar of Gozag.
  1198 | D:2      | Reached XP level 3. HP: 31/31 MP: 2/2
  1583 | D:2      | Found an ancient bone altar of Kikubaaqudgha.
  1694 | D:3      | Reached XP level 4. HP: 11/39 MP: 3/3
  1971 | D:3      | You fall through a shaft for 3 floors!
  1983 | D:6      | Reached skill level 6 in Crossbows
  1998 | D:6      | Noticed an orc warrior
  2025 | D:6      | Reached XP level 5. HP: 17/46 MP: 4/4
  2033 | D:6      | Slain by an orc warrior

Vault maps used:
D:1:      lemuel_arrival_broad_hall, evilmike_ruin_ashenzari
D:2:      overflow_temple_1_default, nicolae_overflow_hidden_temple,
          first_bread, ecumenical_altar_1, corner_web_ring
D:3:      uniq_natasha
D:6:      kennysheep_spiral_hall, serial_shops, shop, nicolae_shop_statue_plus,
          shop, nicolae_shop_competitors_out_of_business, serial_bayou_lake_a,
          uniq_sigmund, uniq_edmund

Skill      XL: |  1  2  3  4 |
---------------+-------------+-----
Crossbows      | 5 6 |  6.2
Fighting       | 3 4 |  4.2
Dodging        | |  2.1
Stealth        | |  0.7

Action                   |  1- 3 |  4- 6 || total
-------------------------+-------+-------++-------
Melee: Short sword       |    51 |     3 ||    54
       Headbutt          |     9 |       ||     9
 Fire: Hand crossbow     |    12 |    16 ||    28
  Use: Scroll            |     6 |       ||     6
       Potion            |       |     2 ||     2
  Eat: Chunk             |     2 |     1 ||     3
Armor: Leather armour    |     9 |       ||     9
       Chain mail        |       |    14 ||    14
Dodge: Dodged            |    33 |     6 ||    39
